 Dungeon Crawl Stone Soup version 0.31-a0-983-g7b6862f502 (webtiles) character file.

Game seed: 16395034970718078042

1999 sokol815 the Cleaver (level 9, -1/64 HPs)
             Began as an Octopode Fighter on Nov 2, 2023.
             Was an Initiate of Wu Jian.
             Slain by an ogre
             ... wielding a +0 giant spiked club
              (22 damage)
             ... on level 6 of the Dungeon on Nov 3, 2023.
             The game lasted 00:11:28 (5977 turns).

sokol815 the Cleaver (Octopode Fighter)             Turns: 5977, Time: 00:11:28

Health: -1/64      AC:  1    Str: 19    XL:     9   Next: 21%
Magic:  9/9        EV: 13    Int: 11    God:    Wu Jian [......]
Gold:   290        SH:  6    Dex: 11    Spells: 8/8 levels left

rFire   . . .        a - +0 war axe
rCold   . . .        b - +2 buckler
rNeg    . . .        (helmet restricted)
rPois   .            (no amulet)
rElec   .            W - ring of willpower
rCorr   .            (no ring)
SInv    .            (no ring)
Will    +....        (no ring)
Stlth   ++           (no ring)
HPRegen 0.30/turn    (no ring)
MPRegen 0.11/turn    (no ring)
                     (no ring)

%: no passive effects
@: no status effects
A: almost no armour, amphibious, 8 rings, camouflage 1, gelatinous body 1,
(nimble swimmer 1), tentacles
a: Renounce Religion


You were on level 6 of the Dungeon.
You worshipped Wu Jian.
Wu Jian was noncommittal.
You visited 2 branches of the dungeon, and saw 7 of its levels.
You also visited: Ossuary.

You collected 290 gold pieces.

Inventory:

Hand Weapons
 a - a +0 war axe (weapon)
 o - a +1 dagger of holy wrath
   (You took it off an orc wizard on level 5 of the Dungeon)
 w - a +4 dagger
   (You took it off a kobold on level 3 of the Dungeon)
 x - a +2 dagger of electrocution
   (You took it off a goblin on level 3 of the Dungeon)
 C - a +0 war axe
   (You took it off an orc on level 4 of the Dungeon)
 D - a +0 war axe
   (You took it off an orc on level 4 of the Dungeon)
 K - a +1 trident of protection
   (You found it on level 5 of the Dungeon)
 L - a +0 war axe
   (You took it off an orc on level 5 of the Dungeon)
Missiles
 h - 2 throwing nets {!d}
 m - 9 poisoned darts
 s - 51 stones
 z - 7 boomerangs
 G - 3 datura-tipped darts
 H - 2 javelins
Armour
 b - a +2 buckler (worn)
Magical Staves
 F - a staff of earth
   (You found it on level 4 of the Dungeon)
Jewellery
 n - an amulet of faith
   (You found it on level 2 of the Dungeon)
 W - a ring of willpower (left tentacle)
   (You found it on level 2 of the Dungeon)
Wands
 d - a wand of digging (8)
   (You found it on level 5 of the Dungeon)
 e - a wand of charming (2)
   (You found it on level 3 of the Dungeon)
 j - a wand of polymorph (9)
   (You found it on level 3 of the Dungeon)
 q - a wand of flame (36)
   (You found it on level 2 of the Dungeon)
Scrolls
 i - a scroll of butterflies
 v - a scroll of amnesia
 y - 2 scrolls of identify {@r1}
 E - 2 scrolls of fear
 M - a scroll of revelation
 V - a scroll of vulnerability {!r!r}
Potions
 c - a potion of attraction {!q}
 g - 2 potions of heal wounds {unknown}
 l - 2 potions of magic
 r - a potion of invisibility {unknown}
 t - a potion of mutation {unknown}
 A - a potion of enlightenment {unknown}
 B - 3 potions of brilliance
 J - 3 potions of curing {@q1}


   Skills:
 + Level 7.5 Fighting
 * Level 9.8 Axes
 - Level 3.0 Dodging
 - Level 3.0 Shields


You had 8 spell levels left.
You didn't know any spells.
Your spell library contained the following spells:

 Spells                   Type           Power      Damage    Failure   Level
 Blink                    Tloc           0%         N/A       56%         2
 Ensorcelled Hibernation  Hex/Ice        0%         N/A       56%         2
 Passwall                 Tmut/Erth      0%         N/A       56%         2
 Swiftness                Air            0%         N/A       80%         3
 Manifold Assault         Tloc           0%         N/A       99%         4


Dungeon Overview and Level Annotations

Branches:
Dungeon (6/15) Zot: 26637  Temple (1/1) D:5 Zot: 5980 Ossuary (visited)

Altars:
Elyvilon
Hepliaklqana
Kikubaaqudgha
Nemelex Xobeh
Ru
Sif Muna
Trog
Uskayaw
Wu Jian
Xom
The Shining One

Annotations:
D:6 Grinder


Innate Abilities, Weirdness & Mutations

You cannot wear most types of armour.
You are amphibious.
You can wear up to eight rings at the same time.
Your skin changes colour to match your surroundings (Stealth+).
Your rubbery body absorbs attacks. (AC +1, EV +1)
((You are camouflaged when in or above water. (Stealth+)))
You have tentacles for arms and can constrict up to eight enemies at once.


Message History

A scorpion comes into view.
A sky beast comes into view.
You slash the scorpion! You grab the scorpion.
You constrict the scorpion, but do no damage.
The scorpion barely misses you.
The sky beast flickers out of sight!
Deactivating autopickup; reactivate with Ctrl-A.
You hit the scorpion but do no damage. You constrict the scorpion.
The scorpion stings you.
A sky beast appears from thin air!
Reactivating autopickup.
You take 6 damage, and have 58/64 hp.
You barely miss the scorpion. You squeeze the scorpion.
You kill the scorpion!
The Council accepts your kill.
You slash the sky beast! The sky beast completely misses you.
You barely miss the sky beast. You squeeze the sky beast!
You block the sky beast's attack.
You closely miss the sky beast. You squeeze the sky beast.
The sky beast hits you. The sky beast shocks you.
You take 9 damage, and have 50/64 hp.
You slash the sky beast!
You kill the sky beast!
The Council accepts your kill.
No target in view!
You now have 290 gold pieces (gained 15).
Found a stone staircase leading up.
Health restored: 64 You open the door.
There is an open door here.
A hound and an orc wizard come into view.
An orc priest comes into view. It is wielding a +0 club.
The orc priest moves out of view.
The helpless hound fails to defend itself.
You slice the hound!!
You kill the hound!
The Council accepts your kill.
No target in view!
An orc wizard comes into view. It is wielding a +0 dagger.
The orc wizard shouts!
The orc priest shouts!
You hear an angry growl.
You hear a shout!
An ogre comes into view. It is wielding a +0 giant spiked club.
The orc wizard points at you and mumbles some strange words.
The magic dart hits you.
You take 6 damage, and have 58/64 hp.
A black bear comes into view.
The orc priest mumbles some strange prayers to Beogh against you.
Beogh smites you!
You take 9 damage, and have 49/64 hp.
You lunge at the orc wizard.
You catch the helpless orc wizard completely off-guard!
You slash the orc wizard! You grab the orc wizard.
You constrict the orc wizard, but do no damage.
You block the orc wizard's attack.
You slash the orc wizard!
You kill the orc wizard!
The Council accepts your kill.
You closely miss the orc priest.
You hit the orc wizard but do no damage.
The orc priest hits you with a +0 club.
The orc wizard hits you with a +0 dagger.
You take 8 damage, and have 42/64 hp.
You barely miss the orc priest. You grab the orc priest.
You closely miss the orc wizard. You constrict the orc priest.
The orc priest hits you with a +0 club.
The orc wizard gestures wildly while chanting.
The orc wizard flickers and vanishes!
Deactivating autopickup; reactivate with Ctrl-A.
You take 4 damage, and have 38/64 hp.
You are too injured to fight recklessly!
You are too injured to fight recklessly!
You are too injured to fight recklessly!
Unknown command.
Okay, then.
Unknown command.
You hit the orc priest but do no damage.
You squeeze the orc priest. You hit something. You closely miss the ogre.
You constrict the orc priest. The ogre barely misses you.
The orc priest invokes the aid of Beogh against you.
Pain shoots through your body! Something hits you.
You take 10 damage, and have 28/64 hp.
You hit the orc priest but do no damage.
You slash the black bear! You hit something. You slash the ogre!
You constrict the orc priest. You block the orc priest's attack.
Something hits you. The black bear misses you.
The black bear barely misses you. You block the black bear's attack.
You block the ogre's attack.
You take 3 damage, and have 25/64 hp.
You hit the orc priest.
You hit the black bear but do no damage.
You hit something. You hit the ogre. You constrict the orc priest.
Something hits you. You block the orc priest's attack.
You block the black bear's attack. The black bear claws you.
You block the black bear's attack.
You take 5 damage, and have 20/64 hp.
You slash the black bear! Your grab misses the black bear.
Your squeeze misses the black bear. You slash the orc priest!
You kill the orc priest!
The Council accepts your kill.
You slash something! You barely miss the ogre.
The ogre hits you with a +0 giant spiked club!!
You die...

.. ..# .. ..## . .. .. ... ..#
#O ..# #.# ## #..##. ..#####.#
#. ### ##..#.###[.......# #. ...
......O.h.......# #. #.#
##.#.##@).......######## #.#
#.......{...............
####.########...................
#............####............##.
#.##.#######.####.###...####.##.
#.##............#.# #...# #.##.
#.###############.# #...# #.##.
#.# ##.###...####.##. #.#
#................


You could see a black bear and an ogre.

Vanquished Creatures
  Prince Ribbit (D:4)
  Menkaure (D:5)
  A sky beast (D:6)
  2 phantoms
  A bullfrog (D:6)
  11 scorpions
  3 centaur zombies (Ossuary)
  3 hounds
  A human zombie (Ossuary)
  2 jellies
  3 orc priests
  5 scorpion zombies (Ossuary)
  4 orc wizards
  3 mummies (Ossuary)
  7 adders
  A white imp (D:6)
  A worm (D:5)
  A dart slug (D:2)
  10 orcs
  3 bats
  9 endoplasms
  4 giant cockroaches (D:1)
  4 hobgoblins
  4 jackals (D:3)
  A quokka (D:1)
  7 ball pythons
  A frilled lizard (D:3)
  A gnoll zombie (Ossuary)
  6 goblins
  A hobgoblin zombie (Ossuary)
  4 kobolds
  2 kobold zombies (Ossuary)
  2 orc zombies (Ossuary)
  6 rats
116 creatures vanquished.

Vanquished Creatures (collateral kills)
  An orc (D:5)
1 creature vanquished.

Grand Total: 117 creatures vanquished

Notes
Turn   | Place    | Note
-------+----------+-------------------------------------------
     0 | D:1      | sokol815 the Octopode Fighter began the quest for the Orb.
     0 | D:1      | Reached XP level 1. HP: 16/16 MP: 1/1
   194 | D:1      | Reached XP level 2. HP: 21/21 MP: 2/2
   407 | D:1      | Reached skill level 3 in Axes
   435 | D:1      | Reached XP level 3. HP: 26/26 MP: 3/3
   662 | D:2      | Found an ornate altar of the Wu Jian Council.
  1137 | D:2      | Reached XP level 4. HP: 32/32 MP: 4/4
  1227 | D:2      | Found a faded altar of an unknown god.
  1625 | D:3      | Noticed a phantom
  1632 | D:3      | HP: 4/33 [phantom (8)]
  1638 | D:3      | Killed a phantom
  1639 | D:3      | Reached skill level 4 in Fighting
  1639 | D:3      | Reached skill level 4 in Axes
  1639 | D:3      | Reached XP level 5. HP: 6/37 MP: 5/5
  1833 | D:3      | Found an ancient bone altar of Kikubaaqudgha.
  1833 | D:3      | Found a sparkling altar of Nemelex Xobeh.
  2306 | D:4      | Identified the of Haqiwky
  2306 | D:4      | Identified the "Womet"
  2306 | D:4      | Identified the "Kenket"
  2330 | D:4      | Noticed a phantom
  2341 | D:4      | Killed a phantom
  2342 | D:4      | Reached skill level 5 in Axes
  2342 | D:4      | Reached XP level 6. HP: 32/44 MP: 6/6
  2450 | D:4      | Found a sand-covered staircase.
  2505 | Ossuary  | Entered an ossuary
  2665 | Ossuary  | Reached skill level 5 in Fighting
  2683 | Ossuary  | Reached skill level 6 in Axes
  2683 | Ossuary  | Reached XP level 7. HP: 46/50 MP: 7/7
  2813 | Ossuary  | Reached skill level 7 in Axes
  2934 | Ossuary  | Reached XP level 8. HP: 16/57 MP: 8/8
  2934 | Ossuary  | HP: 10/57 [poisoned by a scorpion]
  2934 | Ossuary  | HP: 4/57 [scorpion zombie (6)]
  2937 | Ossuary  | Reached skill level 6 in Fighting
  2943 | Ossuary  | HP: 11/57 [gnoll zombie (3)]
  3158 | Ossuary  | Reached skill level 8 in Axes
  3524 | D:4      | Found a sacrificial altar of Ru.
  3615 | D:4      | Found a shimmering blue altar of Sif Muna.
  3925 | D:5      | Entered Level 5 of the Dungeon
  3945 | D:5      | HP: 14/58 [hound (4)]
  4130 | D:5      | Noticed Prince Ribbit
  4137 | D:5      | HP: 13/58 [orc/+0 hand axe (5)]
  4140 | D:5      | HP: 6/58 [orc priest/divine providence (8)]
  4329 | D:4      | HP: 11/58 [Prince Ribbit (13)]
  4330 | D:4      | Killed Prince Ribbit
  4539 | D:5      | Reached skill level 9 in Axes
  4671 | D:5      | Noticed Menkaure
  4898 | D:5      | Reached skill level 7 in Fighting
  5136 | D:5      | Killed Menkaure
  5137 | D:5      | Reached XP level 9. HP: 36/64 MP: 9/9
  5384 | D:5      | Found a staircase to the Ecumenical Temple.
  5393 | Temple   | Entered the Ecumenical Temple
  5587 | Temple   | Became a worshipper of the Wu Jian Council
  5830 | D:6      | Noticed Grinder
  5977 | D:6      | Slain by an ogre

Illustrated notes

Levels and vault maps discovered:
D:1:      amcnicky_arrival_abandoned_market, layout_basic
D:2:      layout_rooms, shapermc_ecumenical_altar_acropolis, basic_altar
D:3:      layout_basic, gammafunk_temple_overflow_elements
D:4:      layout_rooms, lemuel_round_altar, nicolae_sif_muna_little_library,
          nicolae_ossuary_entry_false_entrances
D:5:      layout_basic, minmay_temple_entry_gardened_gates, uniq_menkaure,
          uniq_prince_ribbit1
D:6:      layout_basic, uniq_maggie, uniq_grinder
Temple:   nicolae_temple_little_seven

Skill      XL: |  1  2  3  4  5  6  7  8 |
---------------+-------------------------+-----
Axes           | 3 4 5 6 7 9 |  9.8
Fighting       | 4 5 7 |  7.5
Dodging        | |  3.0
Shields        | |  3.0

Action                     |  1- 3 |  4- 6 |  7- 9 || total
---------------------------+-------+-------+-------++-------
  Melee: War axe           |    60 |    66 |   141 ||   267
         Constrict         |    13 |    14 |    36 ||    63
         Tentacles         |     9 |    12 |    37 ||    58
         Punch             |     1 |     2 |     2 ||     5
Ability: Lunge             |       |       |     1 ||     1
  Evoke: Wand              |       |     4 |     7 ||    11
    Use: Scroll            |       |     5 |    12 ||    17
         Potion            |       |     2 |     2 ||     4
   Stab: Sleeping          |    12 |     1 |     3 ||    16
         Distracted        |       |     1 |     2 ||     3
 Armour: Skin              |    21 |    31 |    95 ||   147
  Dodge: Dodged            |    32 |    39 |    71 ||   142
  Block: Buckler           |    10 |    10 |    39 ||    59

Table legend: (Time is in decaauts)
 A = Elapsed time spent in this place.
 B = Non-inter-level travel time spent in this place.
 C = Inter-level travel time spent in this place.
 D = Time resting spent in this place.
 E = Time spent auto-exploring this place.
 F = Levels seen in this place.
 G = Mean time per level.
                   A        B        C        D        E       F      G
               +--------+--------+--------+--------+--------+-----+--------+
         Total |   6038 |   5857 |    181 |   1264 |   3656 |   8 |  754.8 |
       Dungeon |   5149 |   4984 |    165 |    868 |   3415 |   6 |  858.2 |
        Temple |     19 |      3 |     16 |      0 |      0 |   1 |   19.0 |
       Ossuary |    870 |    870 |      0 |    396 |    241 |   1 |  870.0 |
               +--------+--------+--------+--------+--------+-----+--------+

Top non-repeatable levels by time:
     D:5: 1239 daAuts
     D:4: 1210 daAuts
     D:3: 1039 daAuts
 Ossuary: 870 daAuts
     D:2: 653 daAuts
     D:1: 643 daAuts
     D:6: 361 daAuts
  Temple: 19 daAuts

Levels and vault maps discovered:
D:1:      amcnicky_arrival_abandoned_market, layout_basic
D:2:      layout_rooms, shapermc_ecumenical_altar_acropolis, basic_altar
D:3:      layout_basic, gammafunk_temple_overflow_elements
D:4:      layout_rooms, lemuel_round_altar, nicolae_sif_muna_little_library,
          nicolae_ossuary_entry_false_entrances
D:5:      layout_basic, minmay_temple_entry_gardened_gates, uniq_menkaure,
          uniq_prince_ribbit1
D:6:      layout_basic, uniq_maggie, uniq_grinder
Temple:   nicolae_temple_little_seven

Table legend: (Time is in decaauts)
 A = Elapsed time spent in this place.
 B = Non-inter-level travel time spent in this place.
 C = Inter-level travel time spent in this place.
 D = Time resting spent in this place.
 E = Time spent auto-exploring this place.
 F = Levels seen in this place.
 G = Mean time per level.
                   A        B        C        D        E       F      G
               +--------+--------+--------+--------+--------+-----+--------+
         Total |   6038 |   5857 |    181 |   1264 |   3656 |   8 |  754.8 |
       Dungeon |   5149 |   4984 |    165 |    868 |   3415 |   6 |  858.2 |
        Temple |     19 |      3 |     16 |      0 |      0 |   1 |   19.0 |
       Ossuary |    870 |    870 |      0 |    396 |    241 |   1 |  870.0 |
               +--------+--------+--------+--------+--------+-----+--------+

Top non-repeatable levels by time:
     D:5: 1239 daAuts
     D:4: 1210 daAuts
     D:3: 1039 daAuts
 Ossuary: 870 daAuts
     D:2: 653 daAuts
     D:1: 643 daAuts
     D:6: 361 daAuts
  Temple: 19 daAuts

Table legend:
 A = Kills in this place as a percentage of kills in the entire game.
 B = Kills by you in this place as a percentage of kills by you in the entire game.
 C = Kills by friends in this place as a percentage of kills by friends in the entire game.
 D = Other kills in this place as a percentage of other kills in the entire game.
 E = Experience gained in this place as a percentage of experience gained in the entire game.
 F = Experience gained in this place divided by the number of levels of this place that you have seen.
                   A       B       C       D       E      F
               +-------+-------+-------+-------+-------+----------------------
         Total | 100.0 | 100.0 | 100.0 |   N/A | 100.0 | 362.4
       Dungeon |  76.9 |  76.7 | 100.0 |   N/A |  60.5 | 292.3
       Ossuary |  23.1 |  23.3 |   0.0 |   N/A |  39.5 | 1145.0
               +-------+-------+-------+-------+-------+----------------------
